 Dungeon Crawl Stone Soup version 0.30.1-11-g7821555f0a (webtiles) character file.

Game seed: 811987508363639729

3441 Destapler the Ruffian (level 9, -1/89 HPs)
             Began as a Troll Monk on Dec 25, 2023.
             Was a Priest of Wu Jian.
             Slain by an eight-headed hydra (5 damage)
             ... on level 8 of the Dungeon.
             The game lasted 00:30:23 (6241 turns).

Destapler the Ruffian (Troll Monk)                  Turns: 6241, Time: 00:30:24

Health: -1/89      AC:  9    Str: 21    XL:     9   Next: 77%
Magic:  8/8        EV: 12    Int:  6    God:    Wu Jian [***...]
Gold:   552        SH:  0    Dex: 16    Spells: 8/8 levels left

rFire   . .          .
                       - Unarmed
rCold   . . .        (no shield)
rNeg    . . .        v - +1 steam dragon scales
rPois   .            (helmet restricted)
rElec   .            n - +0 cloak
rCorr   .            (gloves unavailable)
SInv    .            (boots unavailable)
Will    .....        (no amulet)
Stlth   +            (no ring)
HPRegen 1.14/turn    (no ring)
MPRegen 0.11/turn

%: no passive effects
@: weak-willed
A: large, unfitting armour, claws 3, regeneration 1, shaggy fur 1, tough skin 1
a: Renounce Religion, Wall Jump, Serpent's Lash


You were on level 8 of the Dungeon.
You worshipped Wu Jian.
Wu Jian was most pleased with you.
You visited 2 branches of the dungeon, and saw 9 of its levels.

You collected 617 gold pieces.
You spent 65 gold pieces at shops.

Inventory:

Hand Weapons
 i - a +3 mace of pain
 j - the +4 hammer of Nyitun {drain, rPois}
   (You found it on level 2 of the Dungeon)

   rPois:     It protects you from poison.
Missiles
 b - 6 boomerangs (quivered)
 p - 15 poisoned darts
 C - 4 large rocks
Armour
 c - an orb of light
 n - a +0 cloak (worn)
 v - +1 steam dragon scales (worn)
Wands
 f - a wand of mindburst (11)
 h - a wand of digging (8)
 k - a wand of roots (13)
 s - a wand of charming (5)
 B - a wand of polymorph (4)
Scrolls
 d - a scroll of poison
 g - a scroll of enchant weapon
 u - a scroll of fog
 w - a scroll of enchant armour
 x - a scroll of teleportation {unknown}
 y - a scroll of identify
 A - a scroll of fear
Potions
 a - 3 potions of curing
 e - a potion of heal wounds {unknown}
 l - a potion of haste
 o - a potion of might
 q - a potion of berserk rage
 t - 2 potions of mutation
 z - a potion of ambrosia


   Skills:
 - Level 6.0 Fighting
 - Level 4.0 Throwing
 + Level 3.4 Armour
 - Level 6.0 Dodging
 + Level 7.8 Unarmed Combat
 - Level 3.0 Evocations


You had 8 spell levels left.
You didn't know any spells.
Your spell library contained the following spells:

 Spells                   Type           Power      Damage    Failure   Level
 Ensorcelled Hibernation  Hex/Ice        0%         N/A       58%         2
 Lesser Beckoning         Tloc           0%         N/A       58%         2
 Passwall                 Tmut/Erth      0%         N/A       58%         2
 Dazzling Flash           Conj/Hex       0%         N/A       83%         3
 Gell's Gravitas          Tloc           0%         N/A       83%         3
 Swiftness                Air            0%         N/A       83%         3
 Teleport Other           Tloc           0%         N/A       83%         3
 Volatile Blastmotes      Fire/Tloc      0%         2d10      83%         3
 Iskenderun's Mystic Bla  Conj/Tloc      0%         2d3       99%         4
 Starburst                Conj/Fire      0%         6d3       100%        6


Dungeon Overview and Level Annotations

Branches:
Dungeon (8/15)             Temple (1/1) D:5            Lair (0/5) D:8

Altars:
Ashenzari
Cheibriados
Dithmenos
Elyvilon
Fedhas
Gozag
Hepliaklqana
Kikubaaqudgha
Makhleb
Nemelex Xobeh
Okawaru
Qazlal
Ru
Sif Muna
Trog
Uskayaw
Vehumet
Wu Jian
Xom
Yredelemnul
Zin
The Shining One

Shops:
D:7 *


Innate Abilities, Weirdness & Mutations

You are too large for most types of armour.
You have claws for hands.
Your natural rate of healing is unusually fast.
You are covered in fur. (AC +1)
You have tough skin. (AC +1)


Message History

Aim: an eight-headed hydra (lightly wounded, weak-willed)
The roots erupt in riotous growth!
Roots grab the eight-headed hydra.
The grasping roots constrict the eight-headed hydra.
The eight-headed hydra struggles to escape constriction.
Aiming: Mindburst
Press: ? - help, Shift-Dir - straight line, f/p - eight-headed hydra
Aim: an eight-headed hydra (lightly wounded, weak-willed, constricted by roots, chance to affect: 68%)
The eight-headed hydra's minds are blasted!
The grasping roots constrict the eight-headed hydra.
The eight-headed hydra escapes!
Aiming: Fastroot
Press: ? - help, Shift-Dir - straight line, f/p - eight-headed hydra
Aim: an eight-headed hydra (heavily wounded, weak-willed)
The roots erupt in riotous growth!
Roots grab the eight-headed hydra.
The grasping roots constrict the eight-headed hydra!
The eight-headed hydra escapes!
The eight-headed hydra attacks as you move away!
The eight-headed hydra bites you. The eight-headed hydra bites you!
The eight-headed hydra bites you but does no damage.
The eight-headed hydra bites you! x2; The eight-headed hydra misses you. x2
The eight-headed hydra closely misses you.
Unknown command.
The eight-headed hydra attacks as you move away!
The eight-headed hydra misses you.
The eight-headed hydra closely misses you.
The eight-headed hydra bites you! The eight-headed hydra bites you.
The eight-headed hydra bites you!
* * * LOW HITPOINT WARNING * * *
The eight-headed hydra bites you.
* * * LOW HITPOINT WARNING * * *
The eight-headed hydra bites you!
* * * LOW HITPOINT WARNING * * *
The eight-headed hydra closely misses you.
This is a scroll of acquirement!
Something appears at your feet! The eight-headed hydra bites you!
* * * LOW HITPOINT WARNING * * *
The eight-headed hydra bites you.
You die...

#.. ..##..# .#
..###..#..##.#
##).#}#..##..#.#
#..##.##..#..#.#
##..#...#..##...#
#..##...##..#...#
##..#..#..#..##..#
#.D##..#..##..#..#
#..@....†.)...##.#
#.....##.....##)....#
#.##.............##.#
..
....................#
.#
######################


You could see an eight-headed hydra (weak-willed).

Vanquished Creatures
  A death yak (D:8)
  A cyclops (D:8)
  A slime creature (D:8)
  A steam dragon (D:6)
  Menkaure (D:7)
  A water moccasin (D:5)
  2 sky beasts
  A black bear (D:4)
  A centaur (D:7)
  A kobold brigand (D:7)
  2 bullfrogs
  A gnoll sergeant (D:8)
  3 scorpions
  3 wights (D:7)
  A howler monkey (D:5)
  3 hounds
  Crazy Yiuf (D:2)
  3 jellies
  4 orc priests
  Ijyb (D:4)
  3 iguanas
  8 orc wizards
  A hell rat (D:8)
  15 gnolls
  9 adders
  A river rat (D:8)
  A shadow imp (D:7)
  2 white imps
  2 dart slugs
  24 orcs
  An endoplasm (D:1)
  2 giant cockroaches
  7 hobgoblins
  4 jackals (D:4)
  14 kobolds
  3 quokkas
  3 ball pythons
  6 bats
  2 frilled lizards
  8 goblins
  6 rats
  A spectral kobold (D:6)
156 creatures vanquished.

Vanquished Creatures (collateral kills)
  3 orcs (D:8)
3 creatures vanquished.

Grand Total: 159 creatures vanquished

Notes
Turn   | Place    | Note
-------+----------+-------------------------------------------
     0 | D:1      | Destapler the Troll Monk began the quest for the Orb.
     0 | D:1      | Reached XP level 1. HP: 22/22 MP: 0/0
   173 | D:1      | Reached XP level 2. HP: 19/29 MP: 1/1
   345 | D:1      | Reached XP level 3. HP: 36/36 MP: 2/2
   698 | D:2      | Found a runed translucent door.
   701 | D:2      | Noticed Crazy Yiuf
   707 | D:2      | Identified the +4 hammer of Nyitun {drain, rPois}
  1710 | D:3      | Found a large runed translucent door.
  1710 | D:3      | Found a large runed translucent door.
  1802 | D:3      | Reached XP level 4. HP: 45/45 MP: 3/3
  1874 | D:3      | Found a shimmering altar of Xom.
  2020 | D:3      | Reached skill level 4 in Unarmed Combat
  2020 | D:3      | Reached XP level 5. HP: 53/53 MP: 4/4
  2172 | D:2      | Killed Crazy Yiuf
  2278 | D:4      | Reached skill level 1 in Evocations
  2473 | D:3      | Reached XP level 6. HP: 44/61 MP: 5/5
  2601 | D:4      | Noticed a fire elemental
  2602 | D:4      | Found a stormy altar of Qazlal.
  2603 | D:4      | Noticed an air elemental
  2603 | D:4      | Noticed a water elemental
  2642 | D:4      | Reached skill level 1 in Throwing
  2728 | D:4      | Found a burning altar of Makhleb.
  2788 | D:4      | Noticed Ijyb
  2821 | D:4      | Killed Ijyb
  2822 | D:4      | Reached XP level 7. HP: 63/68 MP: 6/6
  2981 | D:4      | Found a shimmering blue altar of Sif Muna.
  3182 | D:5      | Entered Level 5 of the Dungeon
  3398 | D:5      | Reached skill level 5 in Unarmed Combat
  3560 | D:5      | Found an opulent altar of Gozag.
  3787 | D:5      | Found a staircase to the Ecumenical Temple.
  3792 | Temple   | Entered the Ecumenical Temple
  3825 | Temple   | Became a worshipper of the Wu Jian Council
  3825 | Temple   | Reached * piety under Wu Jian
  3825 | Temple   | Reached ** piety under Wu Jian
  3985 | D:6      | Reached XP level 8. HP: 79/79 MP: 7/7
  4537 | D:6      | Found an ancient bone altar of Kikubaaqudgha.
  4753 | D:6      | Found a basalt altar of Yredelemnul.
  4755 | D:6      | Noticed a profane servitor
  4769 | D:6      | Found a glowing golden altar of the Shining One.
  4771 | D:6      | Noticed an angel
  4783 | D:6      | Found a hazy altar of Hepliaklqana.
  5067 | D:6      | Found a sparkling altar of Nemelex Xobeh.
  5067 | D:6      | Found a glowing silver altar of Zin.
  5315 | D:7      | Found Cotwarel's General Store.
  5320 | D:7      | Bought a scroll of noise for 13 gold pieces
  5320 | D:7      | Bought a scroll of fear for 52 gold pieces
  5423 | D:7      | Reached skill level 5 in Fighting
  5423 | D:7      | Reached skill level 5 in Dodging
  5423 | D:7      | Reached skill level 6 in Unarmed Combat
  5676 | D:7      | Noticed Menkaure
  5682 | D:7      | Killed Menkaure
  5723 | D:7      | Reached XP level 9. HP: 83/88 MP: 8/8
  5761 | D:8      | Noticed a death yak
  5769 | D:8      | Noticed a death yak
  5769 | D:8      | Noticed a death yak
  5770 | D:8      | Killed a death yak
  5858 | D:8      | Found a staircase to the Lair.
  5932 | D:8      | Reached *** piety under Wu Jian
  5933 | D:8      | Reached skill level 7 in Unarmed Combat
  6170 | D:8      | Noticed a cyclops
  6196 | D:8      | Killed a cyclops
  6229 | D:8      | Noticed an eight-headed hydra
  6241 | D:8      | Identified a scroll of acquirement
  6241 | D:8      | Acquired the +0 hat of Ril Gedu {rPois rC- rN+ Will+++}
  6241 | D:8      | HP: 4/89 [eight-headed hydra (14)]
  6241 | D:8      | Slain by an eight-headed hydra

Illustrated notes

Levels and vault maps discovered:
D:1:      tarquinn_simple_flora_water_f, layout_loops_ring
D:2:      layout_basic, hangedman_decor_clover_reticule, uniq_crazy_yiuf_cottage
D:3:      due_chaos_kobolds, layout_rooms, minmay_misc_feat_roman,
          kennysheep_generic_room_2
D:4:      layout_loops_ring, nicolae_qazlal_style_of_elements,
          makhleb_heckhound_becter, mainiacjoe_overflow_alcove_2, uniq_ijyb
D:5:      layout_rooms, nicolae_gozag_seed_capital,
          minmay_temple_entry_from_below_a, minmay_gold_behind_fungi,
          minmay_misc_feat_room, serial_park_tiny_1
D:6:      layout_layer_cave, grunt_temple_overflow_holy_war,
          nicolae_hepliaklqana_monster_ancestors,
          mainiacjoe_overflow_surrounded_room,
          gammafunk_temple_overflow_elements
D:7:      layout_loops_cross, serial_shops, nicolae_shop_stone, uniq_menkaure
D:8:      minmay_tri_box, layout_rooms, dpeg_lair_monsters, serial_shops,
          nicolae_shop_tiny_statue_garden
Temple:   nicolae_temple_godzebo

Skill      XL: |  1  2  3  4  5  6  7  8  9 |
---------------+----------------------------+-----
Dodging        | 3 4 5 6 |  6.0
Fighting       | 3 4 5 6 |  6.0
Unarmed Combat | 4 5 6 7 |  7.8
Evocations     | 1 2 3 |  3.0
Throwing       | 1 2 4 |  4.0
Armour         | 3 |  3.4

Action                     |  1- 3 |  4- 6 |  7- 9 || total
---------------------------+-------+-------+-------++-------
  Melee: Unarmed           |    76 |   133 |   295 ||   504
         Punch             |     2 |     1 |    10 ||    13
  Throw: Boomerang         |       |       |    10 ||    10
Ability: Lunge             |       |       |    28 ||    28
         Whirlwind         |       |       |    73 ||    73
         Wall Jump         |       |       |     7 ||     7
  Evoke: Wand              |       |       |     8 ||     8
    Use: Scroll            |     3 |       |     9 ||    12
         Potion            |     2 |     1 |     1 ||     4
 Armour: Robe              |    21 |    40 |    27 ||    88
         Steam dragon scal |       |       |    48 ||    48
  Dodge: Dodged            |    29 |    73 |   119 ||   221
